 Dungeon Crawl Stone Soup version 0.30-a0-920-g7493c07aab (webtiles) character file.

Game seed: 11409738686272021201

8 sanka the Trooper (level 2, -1/32 HPs)
             Began as an Ogre Cinder Acolyte on Mar 21, 2023.
             Was a High Priest of Ignis.
             Succumbed to an adder's poison
             ... on level 2 of the Dungeon.
             The game lasted 00:00:41 (856 turns).

sanka the Trooper (Ogre Cinder Acolyte)              Turns: 856, Time: 00:00:42

Health: -1/32      AC:  3    Str: 17    XL:     2   Next: 8%
Magic:  3/3        EV:  9    Int: 15    God:    Ignis [*****.]
Gold:   53         SH:  0    Dex:  4    Spells: 3/3 levels left

rFire   + . .      SeeInvis .    a - -1 mace (flame)
rCold   . . .      Faith    .    (no shield)
rNeg    . . .      Spirit   .    b - +0 robe
rPois   .          Reflect  .    (helmet restricted)
rElec   .          Rampage  .    (no cloak)
rCorr   .                        (gloves unavailable)
Will    .....                    (boots unavailable)
Stlth   +                        (no amulet)
HPRegen 0.25/turn                (no ring)
MPRegen 0.08/turn                (no ring)

@: lethally poisoned (-1 -> -4)
A: large, unfitting armour, tough skin 1
a: Renounce Religion, Fiery Armour, Foxfire Swarm, Rising Flame


You were on level 2 of the Dungeon.
You worshipped Ignis.
Ignis was extremely pleased with you.
You visited 1 branch of the dungeon, and saw 2 of its levels.

You collected 53 gold pieces.


Innate Abilities, Weirdness & Mutations

You are too large for most types of armour.
You have tough skin. (AC +1)


   Skills:
 + Level 4.2 Fighting
 * Level 3.1 Maces & Flails
 - Level 1.2 Spellcasting
 - Level 2.6 Fire Magic


You had 3 spell levels left.
You didn't know any spells.
Your spell library contained the following spells:

 Spells                   Type           Power      Damage    Failure   Level
 Scorch                   Fire           16%        2d6       12%         2

Inventory:

Hand Weapons
 a - a -1 mace of flaming (weapon)
Armour
 b - a +0 robe (worn)
Jewellery
 j - a ring of ice
Scrolls
 c - a scroll of identify {unknown}
 d - a scroll of noise {unknown}
 e - a scroll of fear {unknown}
 f - a scroll of immolation {unknown}
 i - a scroll of teleportation {unknown}
 k - a scroll of poison {unknown}
Potions
 g - a potion of magic {unknown}
 h - a potion of curing {unknown}
 l - a potion of heal wounds {unknown}
 m - a potion of might {unknown}

Dungeon Overview and Level Annotations

Branches:
Dungeon (2/15)

Altars:

▒▒. ...
▒▒▒▒▒▒▒▒▒▒.▒
▒▒...▒▒.....▒▒▒
▒▒▒.............▒
▒......<▒▒......▒
▒.▒.............▒.
▒▒...▒▒.OS....▒.
▒▒.▒▒▒▒......▒.
▒.▒ ▒......▒. ▒.▒
▒▒▒▒▒▒▒▒. ▒.▒
..... ▒.▒ ▒▒▒▒ ▒▒▒


You could see an adder.


Message History

* * * LOW HITPOINT WARNING * * *
You are more poisoned.
The adder poisons you!
You closely miss the adder.
* * * LOW HITPOINT WARNING * * *
You feel very sick. The adder bites you but does no damage.
Unknown command.
You closely miss the adder.
* * * LOW HITPOINT WARNING * * *
You feel sick. The adder bites you.
* * * LOW HITPOINT WARNING * * *
The adder misses you.
Unknown command.
You barely miss the adder.
* * * LOW HITPOINT WARNING * * *
You feel sick. The adder bites you but does no damage.
You barely miss the adder.
* * * LOW HITPOINT WARNING * * *
You feel sick. The adder bites you but does no damage. The adder bites you.
* * * LOW HITPOINT WARNING * * *
Unknown command.
You hit the adder. You burn the adder.
The adder is heavily wounded.
You die...

Action                     || total
---------------------------++-------
  Melee: Mace              ||    32
 Armour: Robe              ||    12
  Dodge: Dodged            ||    14

Levels and vault maps discovered:
D:1:      doesnt_arrival_eight_statues, layout_loops_corners,
          ebering_ecumenical_altar_webs
D:2:      layout_loops_ring, serial_co_window_serial, co_window_paths_b,
          co_window_paths_a, co_window_corner_a, co_window_corner_a,
          co_window_paths_a, co_window_broadway_a, co_window_paths_c,
          co_window_of_opportunity_c, co_window_cross_2, co_window_corner_ca,
          co_window_cross_2, glass_columns_b, glass_columns_a, glass_columns_c,
          glass_columns_a

Notes
Turn   | Place    | Note
-------+----------+-------------------------------------------
     0 | D:1      | sanka the Ogre Cinder Acolyte began the quest for the Orb.
     0 | D:1      | Reached XP level 1. HP: 24/24 MP: 2/2
   145 | D:1      | Reached skill level 3 in Maces & Flails
   273 | D:1      | Found a faded altar of an unknown god.
   357 | D:1      | Reached XP level 2. HP: 32/32 MP: 3/3
   855 | D:2      | HP: 3/32 [poisoned by an adder]
   855 | D:2      | HP: 1/32 [adder (2)]
   856 | D:2      | Succumbed to an adder's poison

Vanquished Creatures
  3 endoplasms (D:1)
  A goblin (D:1)
  2 bats (D:1)
  A rat (D:1)
7 creatures vanquished.
